 Dungeon Sprint DCSS version 0.29-a0-1027-gcd8c55af63 (webtiles) character file.

Game seed: 8128769751769281213

51 mhtbhm the Firebug (level 3, 0/19 HPs)
             Began as a Deep Elf Fire Elementalist on Aug 13, 2022.
             Slain by a water elemental (19 damage)
             ... in the Dungeon (Sprint III: "The Ten Rune Challenge").
             The game lasted 00:01:34 (402 turns).

mhtbhm the Firebug (Deep Elf Fire Elementalist)      Turns: 402, Time: 00:01:34

Health: 0/19       AC:  4    Str:  5    XL:     3   Next: 58%
Magic:  8/11       EV: 13    Int: 21    God:
Gold:   24         SH:  0    Dex: 15    Spells: 3/12 levels left

rFire   . . .      SeeInvis .   i - +2 quarterstaff (chaos)
rCold   . . .      Faith    .   (shield currently unavailable)
rNeg    . . .      Spirit   .   a - +0 robe
rPois   +          Reflect  .   (helmet restricted)
rElec   .          Harm     .   e - +0 cloak
rCorr   .          Rampage  .   (no gloves)
Will    .....      NoTele   +   h - +0 pair of boots
Stlth   +++.......              (no amulet)
HPRegen 0.06/turn               (no ring)
MPRegen 0.12/turn               (no ring)

@: no status effects
A: antennae 1, poison resistance
a: no special abilities


You were in the Dungeon.
You visited 1 branch You collected 24 gold pieces.

Inventory:

Hand Weapons
 i - a +2 quarterstaff of chaos (weapon)
Armour
 a - a +0 robe (worn)
 e - a +0 cloak (worn)
 h - a +0 pair of boots (worn)
Scrolls
 g - a scroll of blinking
 k - a scroll of immolation {unknown}
 l - 3 scrolls of identify
 n - a scroll of torment {unknown}
Potions
 b - 2 potions of magic
 c - 2 potions of curing
 d - a potion of heal wounds
 f - a potion of berserk rage
 j - 2 potions of mutation
 m - a potion of flight {unknown}
 o - a potion of lignification {unknown}


   Skills:
 + Level 3.9 Dodging
 + Level 3.7 Stealth
 + Level 5.4 Spellcasting
 + Level 2.2 Conjurations
 + Level 6.1 Fire Magic


You had 3 spell levels left.
You knew the following spells:

 Your Spells              Type           Power      Damage    Failure   Level
a - Foxfire               Conj/Fire      92%        2x1d8     1%          1
b - Scorch                Fire           62%        2d8       1%          2
c - Conjure Flame         Conj/Fire      23%        6-21      5%          3
d - Inner Flame           Hex/Fire       18%        N/A       9%          3

Your spell library contained the following spells:

 Spells                   Type           Power      Damage    Failure   Level
 Flame Wave               Conj/Fire      23%        2d8       19%         4


Dungeon Overview and Level Annotations

Branches:
Dungeon (1/1)

Altars:


Innate Abilities, Weirdness & Mutations

You have a pair of small antennae on your head.
Your system is resistant to poisons. (rPois)


Message History

l - a scroll of identify;
j - 3 clear potions (gained 1)
m - a fizzy pink potion
j - 4 clear potions (gained 1);
n - a scroll labelled MIRARPHEIME
l - 3 scrolls of identify (gained 2);
c - 2 potions of curing (gained 1)
o - a fizzy black potion You now have 24 gold pieces (gained 9).
There is an open door here.
It was a potion of mutation.
You feel extremely strange.
You feel a hidden malignance growing inside you.
A pair of antennae grows on your head!
Your skin feels very cold.
Really quaff the potion of mutation?
You feel extremely strange.
You no longer feel a malignance within.
Your skin warms up.
You feel resistant to poisons.
You enter the shallow water.
Moving in this stuff is going to be slow.
This spell is quite dangerous to cast!
Memorise Conjure Flame, consuming 3 spell levels and leaving 6?
You start memorising the spell.
You continue memorising. x3
You finish memorising.
Spell assigned to 'c'.
This spell is extremely dangerous to cast!
Memorise Inner Flame, consuming 3 spell levels and leaving 3?
You start memorising the spell.
You continue memorising. x3
You finish memorising.
Spell assigned to 'd'.
You open the door.
A water elemental comes into view.
Casting: Foxfire (safe; 1% risk of failure)
Confirm with . or Enter, or press ? or * to list all spells.
Flames lash the water elemental.
The water elemental is burned terribly!
The water elemental is heavily damaged.
The water elemental's fire resistance burns away.
The water elemental is engulfed in a cloud of scalding steam.
Casting: Scorch (safe; 1% risk of failure)
Confirm with . or Enter, or press ? or * to list all spells.
You conjure some foxfire!
Your foxfire dissipates!
The water elemental attacks as you move away!
The water elemental hits you!!
Ouch! That really hurt!
You die...

▓▓▓▓▓▓▓▓▓▓▓▓ ▓▓▓
<.#..'.....♣ ♣.#
..#..#.....♣ ♣.#
#'####.....♣♣ ..#
.....#....~.♣♣♣♣.###+#+#
...†.#...~~...♣♣v#......
....)#..~~~~..♣♣@E.⌠....
####'#†.~≈≈~~~♣..#...###
.....#.~~≈~~~....# §.#
...†.#.~≈~~~.....# .#
.....#.~~~.......# #
'#####...........#
.................#
▓▓▓▓▓▓▓▓▓▓▓▓▓▓▓▓▓▓


You could see a water elemental (combustible, ally target).

Vanquished Creatures
  Crazy Yiuf (D)
  A human (D)
  2 endoplasms (D)
  2 rats (D)
6 creatures vanquished.

Vanquished Creatures (others)
  36 foxfires (D)
36 creatures vanquished.

Grand Total: 42 creatures vanquished

Notes
Turn   | Place    | Note
-------+----------+-------------------------------------------
     0 | D        | mhtbhm the Deep Elf Fire Elementalist began the quest for
                  | the Orb.
     0 | D        | Reached XP level 1. HP: 10/10 MP: 6/6
   110 | D        | Reached skill level 4 in Fire Magic
   194 | D        | Reached skill level 5 in Fire Magic
   194 | D        | Reached XP level 2. HP: 14/15 MP: 1/9
   289 | D        | Noticed Crazy Yiuf
   298 | D        | Learned a level 2 spell: Scorch
   302 | D        | Killed Crazy Yiuf
   303 | D        | Reached skill level 5 in Spellcasting
   303 | D        | Reached skill level 6 in Fire Magic
   303 | D        | Reached XP level 3. HP: 19/19 MP: 5/11
   369 | D        | Gained mutation: You have hidden genetic defects. [potion
                  | of mutation]
   369 | D        | Gained mutation: You have a pair of small antennae on your
                  | head. [potion of mutation]
   369 | D        | Gained mutation: A frigid envelope surrounds you and
                  | freezes all who hurt you. [potion of mutation]
   370 | D        | Lost mutation: You have hidden genetic defects. [potion of
                  | mutation]
   370 | D        | Lost mutation: A frigid envelope surrounds you and freezes
                  | all who hurt you. [potion of mutation]
   370 | D        | Gained mutation: Your system is resistant to poisons.
                  | (rPois) [potion of mutation]
   393 | D        | Learned a level 3 spell: Conjure Flame
   397 | D        | Learned a level 3 spell: Inner Flame
   399 | D        | Noticed a water elemental
   402 | D        | Slain by a water elemental

Illustrated notes

Levels and vault maps discovered:
D:        dungeon_sprint_mu [sprint_mu_entry_forest, sprint_mu_temple_rooms,
          sprint_mu_d1_horrors, sprint_mu_d2_genie, sprint_mu_d3_branching,
          sprint_mu_orc_legion, sprint_mu_elf_gauntlet, sprint_mu_hive_nellie,
          sprint_mu_lair_fedhas, sprint_mu_vaults_butterflies,
          sprint_mu_slime_circle, sprint_mu_swamp_cave, sprint_mu_shoals_archi,
          sprint_mu_blade_basic, sprint_mu_crypt_lich, sprint_mu_tomb_spiral,
          sprint_mu_vestibule_basic, sprint_mu_gehenna_hellfire,
          sprint_mu_dis_giant, sprint_mu_tartarus_statrot,
          sprint_mu_cocytus_islands, sprint_mu_zot1]

Skill      XL: |  1  2 |
---------------+-------+-----
Dodging        | 3 |  3.9
Fire Magic     | 5 6 |  6.1
Stealth        | 3 |  3.7
Spellcasting   | 4 5 |  5.4
Conjurations   | 2 |  2.2

Action                   || total
-------------------------++-------
 Cast: Foxfire           ||    22
       Scorch            ||     2
  Use: Potion            ||     4
Armor: Robe              ||     1
Dodge: Dodged            ||     1

Table legend: (Time is in decaauts)
 A = Elapsed time spent in this place.
 B = Non-inter-level travel time spent in this place.
 C = Inter-level travel time spent in this place.
 D = Time resting spent in this place.
 E = Time spent auto-exploring this place.
 F = Levels seen in this place.
 G = Mean time per level.
                   A        B        C        D        E       F      G
               +--------+--------+--------+--------+--------+-----+--------+
         Total |    383 |    383 |      0 |    191 |     35 |   1 |  383.0 |
       Dungeon |    383 |    383 |      0 |    191 |     35 |   1 |  383.0 |
               +--------+--------+--------+--------+--------+-----+--------+

Top non-repeatable levels by time:
       D: 383 daAuts
